 Dungeon Crawl Stone Soup version 0.16.0-5-g717f7e7 (webtiles) character file.

88447 Streak the Spry (level 15, -5/92 HPs)
             Began as a Felid Transmuter on Mar 14, 2015.
             Was the Champion of Ashenzari.
             Slain by a merfolk
             ... wielding a +0 trident
              (11 damage)
             ... while paralysed by Norris
             ... on level 2 of the Shoals on Mar 15, 2015.
             The game lasted 02:18:32 (36717 turns).

Streak the Spry (Felid Transmuter)                 Turns: 36717, Time: 02:18:32

Health: -5/92      AC: 32    Str:  8    XL:     15   Next: 46%
Magic:  29/34      EV:  4    Int: 20    God:    Ashenzari [******]
Gold:   1588       SH:  0    Dex: 18    Spells: 9 memorised, 2 levels left
                                        Lives:  0   Deaths: 4

rFire  . . .     SeeInvis +       - Unarmed
rCold  . . .     Clarity  +     (armour unavailable)
rNeg   + . .     SustAb   .     (shield unavailable)
rPois  ∞         Gourm    .     (helmet unavailable)
rElec  +         Spirit   .     (cloak unavailable)
rCorr  +         Warding  .     (gloves unavailable)
rMut   .         Stasis   .     (boots unavailable)
MR     ++...                    K - amulet of resist corrosion (curse)
Stlth  ++++++....               k - +2 ring of dexterity (curse)
                                U - ring of wizardry (curse)

@: paralysed, statue-form, stone skin, studying Charms, very resistant to
hostile enchantments, very stealthy
A: paw claws, no armour, no weapons or thrown items, fangs 3, see invisible,
carnivore 3, (speed 0), (shaggy fur 0), slow metabolism 1, sharp paws
a: End Transformation, Scrying, Transfer Knowledge, Renounce Religion


You were on level 2 of the Shoals.
You worshipped Ashenzari.
Ashenzari was exalted by your worship.
You were full.
You were a stone statue.
You visited 5 branches of the dungeon, and saw 30 of its levels.
You also visited: Labyrinth, Sewer, Ossuary, Ice Cave and Volcano.

You collected 3298 gold pieces.
You spent 1710 gold pieces at shops.

Inventory:

Missiles
 b - 947 arrows
 v - 31 poisoned arrows
 P - 9 arrows of flame
 Y - 24 arrows of frost
Jewellery
 g - the cursed ring of Robustness {AC+8}
   (You acquired it on level 6 of the Lair of Beasts)

   [ring of protection]

   It affects your AC (+8).
   It has a curse placed upon it.
 k - a cursed +2 ring of dexterity (right paw)
 F - an uncursed ring of invisibility
 K - a cursed amulet of resist corrosion (around neck)
 M - an uncursed amulet of resist mutation
 U - a cursed ring of wizardry (left paw)
Magical devices
 p - a wand of digging (13)
 q - a wand of fireball (6)
 t - a wand of confusion (13)
 z - a wand of flame (19)
 A - a wand of teleportation (0)
 B - a wand of paralysis (14)
 D - a wand of fire (13)
 S - a wand of digging (1)
 X - a wand of enslavement (11)
Scrolls
 e - 3 scrolls of fog
 h - 9 scrolls of magic mapping
 l - 4 scrolls of teleportation
 s - 3 scrolls of recharging
 u - 3 scrolls of blinking
 y - 2 scrolls of curse jewellery
 E - 16 scrolls of identify
 R - 4 scrolls of fear
 T - a scroll of amnesia
 W - 9 scrolls of remove curse
Potions
 c - 4 potions of agility
 f - 15 potions of curing
 i - 6 potions of magic
 j - 6 potions of brilliance
 o - 8 potions of might
 r - 4 potions of cancellation
 w - 3 potions of restore abilities
 C - 5 potions of haste
 J - a potion of heal wounds
Books
 d - a manual of Charms
 n - a book of Control

   Spells                             Type                      Level
   a - Control Teleport               Charms/Translocation         4
   b - Control Undead                 Necromancy                   4
   c - Enslavement                    Hexes                        4
   d - Metabolic Englaciation         Hexes/Ice                    5
   e - Mass Confusion                 Hexes                        6
 L - a book of Hinderance

   Spells                             Type                      Level
   a - Confusing Touch                Hexes                        2
   b - Confuse                        Hexes                        3
   c - Petrify                        Transmutation/Earth          4
   d - Metabolic Englaciation         Hexes/Ice                    5
   e - Gell's Gravitas                Hexes/Translocation          5
   f - Summon Mana Viper              Hexes/Summoning              5
 N - an Akashic Record

   Spells                             Type                      Level
   a - Dispersal                      Translocation                6
   b - Controlled Blink               Translocation                7
   c - Malign Gateway                 Summoning/Translocation      7
   d - Disjunction                    Translocation                8
   e - Singularity                    Translocation                9
 Q - a book of the Dragon

   Spells                             Type                      Level
   a - Flight                         Charms/Air                   3
   b - Cause Fear                     Hexes                        4
   c - Bolt of Fire                   Conjuration/Fire             6
   d - Dragon Form                    Transmutation                7
   e - Dragon's Call                  Summoning                    9
Comestibles
 a - 10 meat rations
 m - 5 royal jellies
 G - a slice of pizza
 I - 4 beef jerkies


   Skills:
 + Level 11.3 Fighting
 - Level 15.8 Dodging
 - Level 15.0 Stealth
 + Level 11.6 Unarmed Combat
 - Level 9.7 Spellcasting
 - Level 12.6(16.7) Charms
 - Level 12.0(16.1) Translocations
 - Level 11.0(15.2) Transmutations
 - Level 2.2(5.6) Ice Magic
 - Level 7.9(12.4) Earth Magic


You had 2 spell levels left.
You knew the following spells:

 Your Spells              Type           Power        Failure   Level  Hunger
a - Beastly Appendage     Trmt           ######       0%          1    None
b - Sticks to Snakes      Trmt           ######....   1%          2    None
c - Apportation           Tloc           ######....   0%          1    None
d - Ice Form              Ice/Trmt       ######..     1%          4    ##.....
e - Statue Form           Trmt/Erth      ######...    1%          6    ######.
f - Stoneskin             Trmt/Erth      ######..     1%          2    None
g - Summon Butterflies    Summ           ##......     2%          1    None
h - Dragon Form           Trmt           ######....   6%          7    #######
i - Controlled Blink      Tloc           N/A          4%          7    #######


Dungeon Overview and Level Annotations

Branches:
Dungeon (15/15)            Temple (1/1) D:6            Lair (8/8) D:8
 Shoals (2/5) Lair:6       Spider (0/5) Lair:5        Slime (0/6) Lair:8
    Orc (4/4) D:12            Elf (0/3) Orc:4        Vaults (0/5) D:14
 Depths (0/5) D:15

Altars:
Ashenzari
Cheibriados
Dithmenos
Elyvilon
Fedhas
Gozag
Kikubaaqudgha
Makhleb
Nemelex Xobeh
Okawaru
Qazlal
Ru
Sif Muna
Trog
Vehumet
Xom
Yredelemnul
Zin
The Shining One
Beogh

Shops:
D:5 *   D:14 [(![:   Orc:1 [   Orc:4 (=[(

Portals:
Trove: D:12 (give 20 scrolls of identify)

Annotations:
Lair:5 exclusion: oklob plant
Lair:8 exclusion: 4 oklob plants
Shoals:2 Norris


Innate Abilities, Weirdness & Mutations

You cannot wear armour.
You are incapable of wielding weapons or throwing items.
You have razor-sharp teeth.
You have supernaturally acute eyesight.
You are carnivorous and can eat meat at any time.
((You cover ground quickly.))
((Your thick and shaggy fur keeps you warm (AC +3, rC+).))
You have a slow metabolism.
Your paws have sharp claws that are effective at stabbing.


Message History

Norris mumbles some strange prayers to his god.
Norris flickers and vanishes for a moment.
The merfolk misses you.
You claw Norris!
Norris is severely wounded.
The merfolk barely misses you.
Norris calls down the wrath of his god upon you.
You suddenly lose the ability to move!
The merfolk hits you but does no damage.
Norris invokes the aid of his god against you.
You feel momentarily confused.
The merfolk hits you from afar with a trident.
The merfolk hits you but does no damage.
Norris hits you with an enchanted flail.
* * * LOW HITPOINT WARNING * * *
The merfolk hits you but does no damage. x2
Norris hits you with an enchanted flail!!
* * * LOW HITPOINT WARNING * * *
The merfolk hits you from afar with a trident!
You die...

####### ######..######## ** ** **
# #.............,,, ,,, , ###
#.....(........ , ,
..#########...............≈ ≈,
≈≈.......#.........!.....≈≈ ≈≈≈
≈≈≈................?....≈≈ ≈ ≈
≈≈≈..≈≈...............≈≈≈≈≈ ≈ ≈
≈≈≈≈..(≈≈≈......@mm..≈≈≈≈≈≈≈ ≈ ≈
.≈.###...≈≈≈≈...8#{.≈#≈≈≈≈≈≈ ≈≈
....##..≈.≈≈≈≈≈..#{≈≈#≈ ≈≈ ≈ ≈
≈.......≈≈≈≈≈≈≈≈≈#≈mm#*≈ ≈≈≈ ≈ .
........≈≈≈≈≈≈≈≈≈#≈≈≈≈# ≈≈≈ ≈≈≈≈≈
........≈≈≈≈≈≈≈≈≈##≈≈≈≈##≈≈≈≈.≈≈≈
≈.≈≈.≈≈≈≈≈≈≈≈≈≈≈≈≈##≈E≈≈#≈≈≈≈≈≈≈≈
≈≈≈≈.≈≈≈≈≈≈≈≈≈≈≈≈≈.##≈≈≈#≈≈≈≈≈≈≈≈
≈≈....≈≈≈≈≈≈≈≈≈≈≈≈.≈# ≈ #≈.(≈≈≈≈≈
≈≈.).....≈.≈≈≈≈≈≈≈≈≈+ #≈.≈≈≈≈.≈


You could see Norris (bleeding) and 2 merfolk.

Vanquished Creatures
  Asterion (Shoals:1)
  An orc warlord (Orc:4)
  Azrael (D:14)
  The ghost of tizzy the Severer, a powerful DsFi of Ru (Volcano)
  2 blizzard demons (IceCv)
  A minotaur (Lab)
  A merfolk javelineer (Shoals:2)
  A merfolk impaler (Shoals:1)
  Fannar (D:14)
  4 catoblepae
  An alligator snapping turtle (Shoals:2)
  10 hydras
  2 centaur warriors
  2 dancing weapons (D:14)
  A vampire mage (D:15)
  15 death yaks
  A tengu warrior (D:14)
  Nergalle (D:12)
  3 unseen horrors
  6 skeletal warriors
  5 ice devils (IceCv)
  2 sea snakes
  An ice statue (IceCv)
  A lindwurm (Lair:7)
  A manticore (Shoals:2)
  A necromancer (D:15)
  2 fauns (Shoals:1)
  4 hill giants
  7 harpies (Shoals:1)
  2 orc knights
  2 oklob plants
  A frost giant zombie (D:15)
  9 griffons
  An ugly thing (D:13)
  4 cyclopes
  4 sirens
  A fire giant skeleton (D:15)
  28 elephants
  Maurice (D:10)
  4 centaur zombies
  5 black mambas
  9 spiny frogs
  A gargoyle (Volcano)
  A fire drake (shapeshifter) (D:14)
  3 fire drakes
  4 anaconda simulacra (IceCv)
  9 komodo dragons
  A blue devil (IceCv)
  7 trolls
  Sonja (D:13)
  3 freezing wraiths (IceCv)
  22 merfolk
  A wolf spider simulacrum (IceCv)
  A baby alligator (shapeshifter) (D:14)
  6 polar bears
  Prince Ribbit (Lair:3)
  3 two-headed ogres
  10 slime creatures
  10 blink frogs
  4 ravens
  4 snapping turtles
  A water elemental (Shoals:1)
  6 basilisks
  3 dire elephant simulacra (IceCv)
  A deep troll skeleton (D:15)
  An ice dragon skeleton (D:15)
  4 wyverns
  A shadow (D:9)
  44 yaks
  2 deep elf magi
  3 hungry ghosts
  7 fire elementals
  9 hippogriffs
  4 vampire mosquitoes (D:15)
  10 water moccasins
  3 hell hounds (D:14)
  3 harpy simulacra (IceCv)
  2 iron troll simulacra (IceCv)
  4 hydra simulacra (IceCv)
  4 wargs
  5 ice beasts
  A hornet simulacrum (D:15)
  An eye of draining (D:15)
  3 black bears
  4 wasps
  44 orc warriors
  15 porcupines
  17 ogres
  5 necrophages
  2 sky beasts (D:9)
  2 boring beetles
  31 centaurs
  2 ettin simulacra (IceCv)
  13 crocodiles
  A brain worm (D:14)
  2 wyvern zombies
  A big kobold (D:12)
  19 giant frogs
  3 scorpions
  16 killer bees
  13 wights
  6 electric eels
  3 giant frog zombies
  5 crimson imps
  A goliath beetle (D:6)
  11 hounds
  3 draconian simulacra (IceCv)
  20 orc priests
  2 giant frog skeletons
  5 jellies
  9 centaur skeletons
  7 iguanas
  40 orc wizards
  7 worker ants
  2 wolf simulacra (IceCv)
  38 sheep
  3 troll simulacra (IceCv)
  A spriggan simulacrum (IceCv)
  4 big kobold zombies (Ossuary)
  2 hound skeletons (D:7)
  8 mummies
  3 worker ant zombies
  2 naga simulacra (IceCv)
  A gnoll (D:1)
  58 river rats
  3 ogre simulacra (IceCv)
  37 adders
  2 giant mites
  2 shadow imps
  5 white imps (IceCv)
  3 worms
  9 ufetubi (IceCv)
  An adder zombie (D:8)
  An adder skeleton (D:4)
  5 giant geckos
  223 orcs
  5 bats
  3 bat skeletons
  2 giant cockroaches (D:5)
  20 goblins
  25 hobgoblins
  17 kobolds
  16 ball pythons
  A giant gecko zombie (D:8)
  5 giant newts
  A giant spore (D:11)
  4 hobgoblin zombies (Ossuary)
  8 jackals (D:9)
  2 jackal skeletons (D:4)
  15 quokkas
  A quokka skeleton (D:5)
  33 rats
  A spectral orc (D:12)
  4 ballistomycetes
  A fungus (Lair:6)
  3 plants
1254 creatures vanquished.

Vanquished Creatures (others)
  3 orcs
  A giant spore (D:10)
  18 fungi
  22 plants
44 creatures vanquished.

Grand Total: 1298 creatures vanquished

Notes
Turn   | Place    | Note
--------------------------------------------------------------
     0 | D:1      | Streak, the Felid Transmuter, began the quest for the Orb.
     0 | D:1      | Reached XP level 1. HP: 9/9 MP: 4/4
   636 | D:1      | Reached XP level 2. HP: 12/12 MP: 3/5
   640 | D:1      | Learned a level 2 spell: Sticks to Snakes
  1040 | D:1      | Reached skill level 4 in Unarmed Combat
  1254 | D:2      | Reached XP level 3. HP: 13/15 MP: 4/8
  1259 | D:2      | Learned a level 3 spell: Spider Form
  2112 | D:3      | Found a glowing drain.
  2116 | D:3      | Reached skill level 5 in Unarmed Combat
  2116 | D:3      | Reached XP level 4. HP: 15/19 MP: 6/10
  2171 | Sewer    | Entered a sewer
  2819 | Sewer    | Reached XP level 5. HP: 22/22 MP: 6/12
  3672 | Sewer    | Noticed a giant frog
  3672 | Sewer    | Noticed a giant frog
  3678 | Sewer    | HP: 1/22 [giant frog (7)]
  3678 | Sewer    | Slain by a giant frog
  3679 | Sewer    | Reached XP level 4. HP: -4/19 MP: 10/10
  3744 | Sewer    | Killed a giant frog
  3744 | Sewer    | Reached XP level 5. HP: 22/22 MP: 8/12
  3751 | Sewer    | Killed a giant frog
  3751 | Sewer    | Reached skill level 5 in Dodging
  4330 | D:3      | Reached skill level 6 in Dodging
  4675 | D:4      | Gained mutation: You are covered in thick fur (AC +2). [growing up]
  4675 | D:4      | Reached XP level 6. HP: 25/25 MP: 10/14
  4817 | D:4      | Found a stormy altar of Qazlal.
  5184 | D:4      | Reached skill level 7 in Dodging
  5253 | D:4      | Found a shadowy altar of Dithmenos.
  5435 | D:4      | Reached skill level 8 in Dodging
  5455 | D:4      | Reached XP level 7. HP: 28/28 MP: 13/17
  5471 | D:5      | Entered Level 5 of the Dungeon
  5708 | D:5      | Found Cram's General Store.
  5812 | D:5      | Reached skill level 9 in Dodging
  5936 | D:5      | Found a radiant altar of Vehumet.
  5936 | D:5      | Found an ancient bone altar of Kikubaaqudgha.
  5978 | D:5      | Reached skill level 10 in Dodging
  6392 | D:5      | Reached XP level 8. HP: 11/32 MP: 15/19
  6672 | D:5      | Reached skill level 5 in Transmutations
  7049 | D:6      | Found a staircase to the Ecumenical Temple.
  7079 | Temple   | Entered the Ecumenical Temple
  7125 | Temple   | Became a worshipper of Ashenzari the Shackled
  8395 | D:7      | Found a sand-covered staircase.
  8404 | Ossuary  | Entered an ossuary
  8945 | D:7      | Reached XP level 9. HP: 26/35 MP: 17/22
  9565 | D:8      | Found a staircase to the Lair.
  9934 | D:8      | Acquired Ashenzari's first power
  9953 | D:8      | Learned a level 4 spell: Ice Form
 10007 | D:8      | Reached skill level 1 in Ice Magic
 11034 | D:9      | Reached skill level 10 in Unarmed Combat
 11725 | D:9      | Reached XP level 10. HP: 38/42 MP: 23/23
 11874 | D:9      | Reached skill level 5 in Fighting
 12096 | D:9      | Acquired Ashenzari's second power
 12364 | D:9      | Noticed a centaur skeleton
 12372 | D:9      | Killed a centaur skeleton
 12659 | D:10     | Entered Level 10 of the Dungeon
 12867 | D:10     | Noticed Maurice
 12877 | D:10     | Killed Maurice
 13649 | D:11     | Reached XP level 11. HP: 49/53 MP: 20/24
 13803 | D:11     | Reached skill level 10 in Fighting
 13837 | D:11     | Learned a level 6 spell: Statue Form
 13863 | D:11     | Acquired Ashenzari's third power
 13870 | D:11     | Reached skill level 1 in Earth Magic
 14057 | D:11     | Noticed a hill giant
 14059 | D:11     | Killed a hill giant
 14073 | D:11     | Noticed a centaur warrior
 14087 | D:11     | Shot with an arrow by a centaur warrior
 14088 | D:11     | Reached XP level 10. HP: -2/61 MP: 23/23
 14370 | Lair:1   | Entered Level 1 of the Lair of Beasts
 14423 | Lair:1   | Found a dark tunnel.
 14423 | Lair:1   | Noticed a black mamba
 14435 | Lair:1   | Killed a black mamba
 14456 | Lair:1   | Noticed a four-headed hydra
 14478 | Volcano  | Entered a volcano
 14483 | Volcano  | Noticed tizzy's ghost (powerful DsFi)
 14499 | Volcano  | Mangled by tizzy's ghost
 14500 | Volcano  | Reached XP level 9. HP: -6/46 MP: 22/23
 14594 | Volcano  | Reached skill level 5 in Spellcasting
 14598 | Volcano  | Learned a level 2 spell: Stoneskin
 14662 | Volcano  | Killed tizzy's ghost
 14662 | Volcano  | Reached XP level 10. HP: 51/51 MP: 20/27
 14713 | Lair:1   | Killed a four-headed hydra
 14713 | Lair:1   | Reached skill level 5 in Earth Magic
 14866 | Lair:1   | Acquired Ashenzari's fourth power
 15339 | Lair:2   | Noticed an eight-headed hydra
 15344 | Lair:2   | Killed an eight-headed hydra
 15463 | Lair:2   | Reached XP level 11. HP: 54/54 MP: 22/27
 15500 | Lair:2   | Learned a level 1 spell: Summon Butterflies
 15523 | Lair:2   | Noticed a black mamba
 15526 | Lair:2   | Noticed an oklob plant
 15532 | Lair:2   | Killed a black mamba
 15537 | Lair:2   | Found a deep blue altar of Sif Muna.
 15544 | Lair:2   | Killed an oklob plant
 16134 | Lair:3   | Noticed Prince Ribbit
 16156 | Lair:3   | Killed Prince Ribbit
 16351 | Lair:3   | Found a blossoming altar of Fedhas.
 16353 | Lair:3   | Noticed an eight-headed hydra
 16359 | Lair:3   | Killed an eight-headed hydra
 16601 | Lair:3   | Noticed a six-headed hydra
 16607 | Lair:3   | Killed a six-headed hydra
 16607 | Lair:3   | Reached skill level 11 in Dodging
 16963 | Lair:4   | Reached skill level 12 in Dodging
 16963 | Lair:4   | Gained mutation: Your thick and shaggy fur keeps you warm (AC +3, rC+). [growing up]
 16963 | Lair:4   | Reached XP level 12. HP: 58/58 MP: 17/28
 17138 | Lair:4   | Noticed an eight-headed hydra
 17141 | Lair:4   | Killed an eight-headed hydra
 17191 | Lair:4   | Reached skill level 13 in Dodging
 17851 | Lair:5   | Reached skill level 14 in Dodging
 18051 | Lair:5   | Found a hole to the Spider Nest.
 18268 | Lair:5   | Reached skill level 15 in Dodging
 18537 | Lair:6   | Found a labyrinth entrance.
 18548 | Lab      | Entered a labyrinth
 18784 | Lab      | Noticed a minotaur
 18788 | Lab      | Killed a minotaur
 18788 | Lab      | Reached XP level 13. HP: 61/61 MP: 21/29
 18799 | Lab      | Identified the Collected Works on Poisonous Moulding
 18810 | Lab      | Identified the Reference Book on Displacement
 18914 | Lair:6   | Reached skill level 1 in Charms
 18921 | Lair:6   | Identified a scroll of acquirement
 19066 | Lair:6   | Reached skill level 5 in Charms
 19076 | Lair:6   | Found a staircase to the Shoals.
 20090 | Lair:7   | Reached skill level 10 in Charms
 20402 | Lair:7   | HP: 1/79 [death yak (19)]
 20753 | Lair:7   | Reached skill level 5 in Stealth
 20954 | Lair:8   | Entered Level 8 of the Lair of Beasts
 21362 | Lair:8   | Reached skill level 10 in Stealth
 21367 | Lair:8   | Reached XP level 14. HP: 22/66 MP: 30/30
 22408 | Lair:8   | Found a staircase to the Slime Pits.
 23716 | D:11     | Killed a centaur warrior
 23899 | D:12     | Found a portal to a secret trove of treasure.
 24205 | D:12     | Reached skill level 15 in Stealth
 24266 | D:12     | Learned a level 1 spell: Apportation
 24310 | D:12     | Learned a level 7 spell: Dragon Form
 24325 | D:12     | Found a staircase to the Orcish Mines.
 24326 | D:12     | Noticed Nergalle
 24334 | D:12     | Killed Nergalle
 24578 | D:13     | Noticed Sonja
 24582 | D:13     | Killed Sonja
 24613 | D:13     | Identified the ring "Clulu" {rC++ Int-5 Dex+4}
 24692 | D:13     | Reached skill level 10 in Transmutations
 25231 | Orc:1    | Entered Level 1 of the Orcish Mines
 25561 | Orc:1    | Found Strosoan's Armour Emporium.
 25563 | Orc:1    | Found a roughly hewn altar of Beogh.
 26168 | Orc:2    | Found a burning altar of Makhleb.
 26385 | Orc:2    | Found a burning altar of Makhleb.
 27247 | Orc:4    | Entered Level 4 of the Orcish Mines
 27301 | Orc:4    | Found a staircase to the Elven Halls.
 27480 | Orc:4    | Noticed an orc warlord
 27494 | Orc:4    | Killed an orc warlord
 27494 | Orc:4    | Reached XP level 15. HP: 69/69 MP: 32/32
 28593 | Orc:4    | Found Numoox's Jewellery Boutique.
 28593 | Orc:4    | Found Dadwuoph's Antique Armour Emporium.
 28596 | Orc:4    | Found Cujusem's Antique Weapon Shoppe.
 28598 | Orc:4    | Found Thrauschea's Antique Weapon Shop.
 29119 | D:14     | Found Anaipp's Armour Boutique.
 29219 | D:14     | Noticed Azrael
 29225 | D:14     | Killed Azrael
 29226 | D:14     | Noticed Fannar
 29243 | D:14     | Killed Fannar
 29632 | D:14     | Found Greos' Distillery.
 29636 | D:14     | Bought a potion of heal wounds for 55 gold pieces
 29636 | D:14     | Bought a potion of haste for 110 gold pieces
 29638 | D:14     | Found Frielose's Antique Weapon Boutique.
 29936 | D:14     | Found Egabbini's Book Emporium.
 30003 | D:14     | Found a deep blue altar of Sif Muna.
 30082 | D:14     | Found a gate to the Vaults.
 30209 | D:14     | Bought an Akashic Record for 1545 gold pieces
 30710 | D:14     | Found Evo Quv's Antique Armour Shoppe.
 30756 | D:15     | Entered Level 15 of the Dungeon
 30771 | D:15     | Reached skill level 5 in Translocations
 30904 | D:15     | Found a staircase to the Depths.
 30969 | D:15     | Learned a level 7 spell: Controlled Blink
 32345 | D:8      | Reached skill level 10 in Translocations
 32600 | Shoals:1 | Entered Level 1 of the Shoals
 32600 | Shoals:1 | Found a frozen archway.
 32617 | IceCv    | Entered an ice cave
 33829 | IceCv    | Killed from afar by a blizzard demon
 33830 | IceCv    | Reached XP level 14. HP: -4/85 MP: 32/33
 33931 | IceCv    | Identified the ring "Cliasmam" {+cTele rElec rN+ Str-2}
 34533 | Shoals:1 | Reached XP level 15. HP: 69/69 MP: 34/34
 34536 | Shoals:1 | Noticed Asterion
 34717 | Shoals:1 | Killed Asterion
 36662 | Shoals:2 | Noticed Norris
 36714 | Shoals:2 | Paralysed by Norris for 7 turns
 36717 | Shoals:2 | Slain by a merfolk

Action                   |  1- 3 |  4- 6 |  7- 9 | 10-12 | 13-15 || total
-------------------------+-------+-------+-------+-------+-------++-------
Melee: Unarmed           |    61 |   185 |   356 |   588 |  1398 ||  2588
 Cast: Beastly Appendage |    11 |       |     1 |       |       ||    12
       Sticks to Snakes  |     1 |       |       |       |       ||     1
       Spider Form       |     3 |    24 |    32 |     3 |       ||    62
       Ice Form          |       |       |    15 |    30 |     1 ||    46
       Stoneskin         |       |       |     1 |    46 |    88 ||   135
       Statue Form       |       |       |     1 |    38 |    74 ||   113
       Dragon Form       |       |       |       |       |    47 ||    47
       Controlled Blink  |       |       |       |       |     6 ||     6
       Apportation       |       |       |       |       |     2 ||     2
 Abil: End Transformatio |       |       |     3 |     4 |     2 ||     9
       Breathe Fire      |       |       |       |       |     4 ||     4
Evoke: Wand              |       |       |       |     5 |     3 ||     8
  Use: Scroll            |     3 |    11 |    12 |    13 |     9 ||    48
       Potion            |       |       |    10 |     2 |     7 ||    19
 Stab: Sleeping          |     4 |       |     2 |     4 |    40 ||    50
       Distracted        |       |       |     1 |     1 |     7 ||     9
       Held in net/web   |       |       |     1 |       |       ||     1
       Petrified         |       |       |       |       |     4 ||     4
  Eat: Chunk             |     9 |    16 |    19 |    50 |    98 ||   192
       Pizza             |       |       |       |       |     4 ||     4
